 Dungeon Crawl Stone Soup version 0.27-a0-1065-ge809cff456 (webtiles) character file.

Game seed: 12132142307379311986

672 Ijustatesigmund the Chopper (level 7, -9/55 HPs)
             Began as a Demonspawn Fighter on Apr 22, 2021.
             Mangled by an ogre
             ... wielding a +0 giant club
              (13 damage)
             ... on level 5 of the Dungeon.
             The game lasted 00:05:52 (4696 turns).

Ijustatesigmund the Chopper (Demonspawn Fighter)    Turns: 4696, Time: 00:05:53

Health: -9/55      AC:  7    Str: 16    XL:     7   Next: 32%
Magic:  7/7        EV:  8    Int:  9    God:
Gold:   1380       SH:  9    Dex: 15    Spells: 6/6 levels left

rFire    . . .     SeeInvis .   a - +2 war axe
rCold    . . .     Faith    .   c - +0 kite shield
rNeg     . . .     Spirit   .   b - +0 scale mail
rPois    .         Reflect  .   (helmet restricted)
rElec    .         Harm     .   (no cloak)
rCorr    .         Rampage  .   (no gloves)
Will     .....                  f - +0 pair of boots
Stlth    ..........             (no amulet)
HPRegen  0.18/turn              (no ring)
MPRegen  0.20/turn              (no ring)

@: flying
A: horns 2, spiny 1, magic regeneration
a: no special abilities


You were on level 5 of the Dungeon.
You visited 2 branches of the dungeon, and saw 6 of its levels.

You collected 1380 gold pieces.

Inventory:

Hand Weapons
 a - a +2 war axe (weapon)
Armour
 b - a +0 scale mail (worn)
 c - a +0 kite shield (worn)
 f - a +0 pair of boots (worn)
Scrolls
 e - 2 scrolls of blinking
Potions
 d - a potion of might
 h - a potion of brilliance
 i - a potion of cancellation
 j - a potion of flight


   Skills:
 + Level 4.9 Fighting
 * Level 5.4 Axes
 + Level 3.1 Armour
 - Level 3.0 Dodging
 - Level 2.6 Shields


You had 6 spell levels left.
You didn't know any spells.
Your spell library contained the following spells:

 Spells                   Type           Power      Damage    Failure   Level
 Animate Skeleton         Necr           0%         N/A       100%        1
 Apportation              Tloc           0%         N/A       100%        1
 Corona                   Hex            0%         N/A       100%        1
 Summon Small Mammal      Summ           0%         N/A       100%        1


Dungeon Overview and Level Annotations

Branches:
Dungeon (5/15)             Temple (1/1) D:4

Altars:
Ashenzari
Dithmenos
Fedhas
Gozag
Hepliaklqana
Kikubaaqudgha
Nemelex Xobeh
Ru
Sif Muna
Uskayaw
Vehumet
Wu Jian
Yredelemnul
Zin


Innate Abilities, Weirdness & Mutations

You have a pair of horns on your head.
You are partially covered in sharp spines.
You regenerate magic rapidly.


Message History

The hound closely misses you. The hound bites you but does no damage.
You barely miss the hound.
The hound is lightly wounded.
You block the hound's attack. The hound bites you but does no damage.
You barely miss the hound.
The hound is lightly wounded.
The hound is struck by your spines. The hound barely misses you.
You block the hound's attack.
You closely miss the hound. Your headbutt misses the hound.
The hound is moderately wounded.
You block the hound's attack. The hound bites you but does no damage.
You block the hound's attack.
You closely miss the hound. You headbutt the hound!
The hound is severely wounded.
The hound bites you. You block the hound's attack.
You closely miss the hound.
The hound is severely wounded.
The hound is struck by your spines. The hound barely misses you.
The hound is struck by your spines. The hound bites you.
An ogre comes into view. It is wielding a +0 giant club.
The ogre shouts!
You slash the hound!
You kill the hound!
You block the ogre's attack.
You hit the ogre but do no damage. The ogre is struck by your spines.
The ogre hits you with a +0 giant club!!
* * * LOW HITPOINT WARNING * * *
You are too injured to fight recklessly!
It was a potion of flight.
You feel very buoyant.
You fly up into the air.
You feel better. The ogre hits you with a +0 giant club!
* * * LOW HITPOINT WARNING * * *
You slash the ogre!
The ogre is heavily wounded.
You block the ogre's attack.
You slash the ogre!
The ogre is severely wounded.
The ogre is struck by your spines. The ogre hits you with a +0 giant club!
You die...

#.##..#.# # #.#...# #
#.h..# # # #†# # #.#†#
# #†.## # ###.# # ##O#
# ##@## # ##.#.# #
#.#.## # ##.## #
#############.########
#
#......#.............
#
#.##...#.#####.#.#.#.
# ####...#.#.........
# #.....#.###.#.###
######


You could see an ogre.

Vanquished Creatures
  2 sky beasts (D:5)
  An ogre (D:5)
  A scorpion (D:4)
  A wyvern skeleton (D:4)
  2 hounds
  An iguana (D:5)
  5 adders
  4 river rats (D:5)
  A shadow imp (D:5)
  A white imp (D:5)
  An adder skeleton (D:4)
  2 worms (D:2)
  A dart slug (D:1)
  4 orcs (D:3)
  11 endoplasms
  6 giant cockroaches
  7 hobgoblins
  8 jackals (D:4)
  6 quokkas
  6 ball pythons
  5 bats
  3 frilled lizards
  11 goblins
  8 kobolds
  12 rats
110 creatures vanquished.

Vanquished Creatures (others)
  2 plants (D:1)
2 creatures vanquished.

Grand Total: 112 creatures vanquished

Notes
Turn   | Place    | Note
-------+----------+-------------------------------------------
     0 | D:1      | Ijustatesigmund the Demonspawn Fighter began the quest for
                  | the Orb.
     0 | D:1      | Reached XP level 1. HP: 18/18 MP: 1/1
    73 | D:1      | Reached skill level 2 in Axes
   197 | D:1      | Gained mutation: You have a pair of small horns on your
                  | head. [demonic ancestry]
   197 | D:1      | Reached XP level 2. HP: 19/24 MP: 2/2
   434 | D:1      | Found a faded altar of an unknown god.
   613 | D:1      | Reached skill level 1 in Dodging
   617 | D:1      | Gained mutation: You are partially covered in sharp spines.
                  | [demonic ancestry]
   617 | D:1      | Reached XP level 3. HP: 29/29 MP: 3/3
  1091 | D:2      | Reached skill level 3 in Axes
  1091 | D:2      | Gained mutation: You have a pair of horns on your head.
                  | [demonic ancestry]
  1091 | D:2      | Reached XP level 4. HP: 33/36 MP: 4/4
  1393 | D:2      | Identified a scroll of acquirement
  1393 | D:2      | Acquired 1100 gold pieces
  1990 | D:3      | Reached XP level 5. HP: 37/42 MP: 5/5
  2666 | D:4      | Found a staircase to the Ecumenical Temple.
  2676 | D:4      | Reached skill level 4 in Axes
  2959 | Temple   | Entered the Ecumenical Temple
  3444 | D:4      | Gained mutation: You regenerate magic rapidly. [demonic
                  | ancestry]
  3444 | D:4      | Reached XP level 6. HP: 46/48 MP: 6/6
  3898 | D:5      | Entered Level 5 of the Dungeon
  3999 | D:5      | Noticed a sky beast
  4007 | D:5      | Killed a sky beast
  4008 | D:5      | Reached skill level 5 in Axes
  4465 | D:5      | Found a blossoming altar of Fedhas.
  4475 | D:5      | Noticed a sky beast
  4490 | D:5      | Killed a sky beast
  4491 | D:5      | Reached XP level 7. HP: 55/55 MP: 7/7
  4696 | D:5      | Mangled by an ogre

Illustrated notes

Levels and vault maps discovered:
D:1:      dpeg_arrival_more_subterranean_lakeside_camping, layout_basic,
          shapermc_ecumenical_altar_mp_urbaneastern, serial_forest,
          infiniplex_forest_clump_long, infiniplex_forest_lined_4_way,
          infiniplex_forest_clump_curved, infiniplex_forest_straight_2,
          infiniplex_forest_lined_room_3, infiniplex_forest_3_way,
          infiniplex_forest_straight_3
D:2:      layout_basic, minmay_tetromino_l4
D:3:      layout_basic
D:4:      layout_basic, minmay_temple_entry_wispy
D:5:      lemuel_ratsnest, layout_basic, overflow_temple_1_default,
          grunt_temple_overflow_open
Temple:   dshaligram_water_room_temple

Skill      XL: |  1  2  3  4  5  6  7 |
---------------+----------------------+-----
Axes           | 2 3 4 5 |  5.4
Dodging        | 1 2 3 |  3.0
Fighting       | 4 |  4.9
Armour         | 3 |  3.1
Shields        | |  2.6

Action                   |  1- 3 |  4- 6 |  7- 9 || total
-------------------------+-------+-------+-------++-------
Melee: War axe           |    77 |   109 |    44 ||   230
       Headbutt          |    11 |    19 |     7 ||    37
  Use: Scroll            |       |    11 |       ||    11
       Potion            |       |     1 |     2 ||     3
Armor: Scale mail        |    30 |    45 |    11 ||    86
Dodge: Dodged            |    13 |    34 |    13 ||    60
Block: Kite shield       |    48 |    46 |    21 ||   115

Table legend: (Time is in decaauts)
 A = Elapsed time spent in this place.
 B = Non-inter-level travel time spent in this place.
 C = Inter-level travel time spent in this place.
 D = Time resting spent in this place.
 E = Time spent auto-exploring this place.
 F = Levels seen in this place.
 G = Mean time per level.
                   A        B        C        D        E       F      G
               +--------+--------+--------+--------+--------+-----+--------+
         Total |   4828 |   4737 |     91 |    991 |   3099 |   6 |  804.7 |
       Dungeon |   4737 |   4650 |     87 |    991 |   3030 |   5 |  947.4 |
        Temple |     90 |     86 |      4 |      0 |     69 |   1 |   90.0 |
               +--------+--------+--------+--------+--------+-----+--------+

Top non-repeatable levels by time:
     D:1: 1121 daAuts
     D:4: 1034 daAuts
     D:3: 931 daAuts
     D:5: 828 daAuts
     D:2: 822 daAuts
  Temple: 90 daAuts
